AoeStats
← Chiripa605

Lombardia

509080758Analyzed
4v4 RM · 6d ago on Sep 25, 2026· 48m 50s· 8 players
Game mode
Random Map
Map size
Large (8 player)
Population
200
Speed
Normal
Resources
Standard
Victory
Conquest
Starting age
Dark Age
Ending age
Imperial Age
RankedLock teamsTeams togetherTeam positionsShared explorationLock speedFull tech treeHidden civsTurbo modeCheats
Victory
Defeat
🇨🇳 Magyars · China
1387
+16
🇫🇷 Hindustanis · France
1368
+16
1309
+19
🇨🇳 Spanish · China
1292
+19
🇺🇸 Bohemians · United States
1452
-20
🇫🇷 Turks · France
1401
-19
🇧🇷 Danes · Brazil
1361
-17
🇬🇷 Ethiopians · Greece
1277
-14
CTWD
9:48 Feudal Age
8:44 Loom
10:31 Double-Bit Axe
10:35 Horse Collar
17:47 Gold Mining
20:17 Castle Age
18:53 Bloodlines
19:10 Scale Barding Armor
21:21 Chain Barding Armor
21:47 Bow Saw
28:22 Heavy Plow
29:18 Husbandry
29:22 Town Watch
30:53 Wheelbarrow
33:01 Gold Shaft Mining
33:45 Hand Cart
33:24 Stone Mining
38:58 Imperial Age
39:02 Cavalier
40:19 Plate Barding Armor
40:53 Conscription
40:28 Paladin
41:52 Caravan
42:05 Fletching
43:38 Murder Holes
43:37 Light Cavalry
44:48 Bodkin Arrow
45:46 Masonry
45:23 Hussar
N4Th-.-
7:25 Loom
9:53 Feudal Age
10:36 Double-Bit Axe
12:08 Horse Collar
13:51 Scale Barding Armor
15:12 Forging
17:15 Wheelbarrow
20:49 Castle Age
22:12 Bow Saw
23:26 Heavy Plow
26:20 Town Watch
26:52 Gold Mining
27:40 Hand Cart
28:43 Padded Archer Armor
31:26 Imperial Age
29:36 Iron Casting
29:53 Leather Archer Armor
29:56 Caravan
32:22 Gold Shaft Mining
32:25 Iron Casting
31:51 Stone Mining
33:22 Chemistry
32:54 Ring Archer Armor
32:49 Chain Barding Armor
33:07 Town Patrol
34:06 Fletching
34:36 Chain Barding Armor
34:52 Iron Casting
35:47 Stone Shaft Mining
35:38 Bloodlines
37:52 Grand Trunk Road
38:12 Conscription
38:17 Bodkin Arrow
38:25 Elite Skirmisher
39:32 Bodkin Arrow
40:13 Siege Engineers
43:03 Blast Furnace
42:03 Scale Mail Armor
42:04 Bracer
42:59 Shatagni
42:27 Elite Skirmisher
44:02 Plate Barding Armor
42:48 Light Cavalry
44:04 Husbandry
45:26 Two-Man Saw
44:43 Hussar
48:20 Chain Mail Armor
48:26 Ballistics
48:02 Murder Holes
48:19 Masonry
电脑人-偷家鸡鸡短三寸-
10:11 Feudal Age
8:40 Loom
15:03 Castle Age
13:11 Double-Bit Axe
16:58 Bow Saw
21:07 Horse Collar
23:42 Wheelbarrow
23:42 Gold Mining
25:14 Heavy Plow
26:04 Gold Shaft Mining
29:10 Imperial Age
27:50 Hand Cart
27:35 Fletching
27:54 Town Watch
28:40 Ballistics
29:14 Kshatriyas
31:11 Chemistry
30:37 Conscription
30:52 Bodkin Arrow
30:57 Padded Archer Armor
30:29 Elite Elephant Archer
32:13 Bracer
33:18 Frontier Guards
33:20 Leather Archer Armor
33:46 Elite Skirmisher
35:56 Thumb Ring
38:06 Caravan
39:47 Town Patrol
丁真
10:12 Loom
11:58 Feudal Age
14:01 Double-Bit Axe
16:29 Castle Age
14:15 Horse Collar
17:48 Bow Saw
24:23 Husbandry
25:27 Bloodlines
27:13 Gold Mining
27:28 Heavy Plow
28:20 Padded Archer Armor
29:50 Wheelbarrow
33:18 Imperial Age
31:26 Leather Archer Armor
32:41 Hand Cart
33:24 Stone Mining
33:31 Elite Conquistador
35:51 Ring Archer Armor
36:57 Conscription
37:10 Fletching
36:43 Cavalier
38:08 Bodkin Arrow
37:54 Capped Ram
38:45 Siege Ram
44:46 Guilds
45:55 Paladin
47:10 Bracer
49:08 Scale Barding Armor
49:13 Forging
Chiripa605
10:57 Feudal Age
14:59 Castle Age
13:37 Double-Bit Axe
15:57 Loom
17:33 Squires
19:19 Bow Saw
20:23 Pikeman
21:28 Horse Collar
22:49 Scale Mail Armor
23:29 Fervor
24:39 Wheelbarrow
27:31 Hand Cart
27:50 Heavy Plow
34:01 Imperial Age
32:08 Chain Mail Armor
33:09 Chemistry
33:23 Forging
35:14 Plate Mail Armor
34:06 Halberdier
35:13 Conscription
37:39 Two-Man Saw
36:36 Arson
37:33 Iron Casting
36:45 Capped Ram
39:04 Ballistics
39:47 Blast Furnace
38:37 Fletching
40:01 Wagenburg Tactics
40:07 Elite Hussite Wagon
41:05 Houfnice
48:02 Caravan
Svodoo
5:02 Loom
9:57 Feudal Age
12:45 Horse Collar
12:51 Double-Bit Axe
16:25 Forging
18:31 Bloodlines
24:08 Castle Age
22:27 Fletching
25:39 Bodkin Arrow
27:50 Ballistics
28:26 Husbandry
30:17 Thumb Ring
33:24 Wheelbarrow
34:38 Padded Archer Armor
37:24 Heavy Plow
37:40 Bow Saw
38:31 Fortified Wall
44:31 Imperial Age
43:13 Sipahi
43:14 Leather Archer Armor
44:35 Heavy Cavalry Archer
45:23 Bracer
48:55 Hand Cart
deslin_
0:29 Loom
10:20 Feudal Age
15:31 Castle Age
24:10 Squires
24:58 Scale Mail Armor
25:38 Town Watch
26:21 Hamask
28:53 Chain Mail Armor
31:51 Forging
36:33 Imperial Age
35:50 Wheelbarrow
37:34 Conscription
37:48 Plate Mail Armor
37:41 Arson
37:43 Gambesons
38:06 Elite Jomsviking
38:56 Horse Collar
43:03 Iron Casting
44:39 Town Patrol
mojotzotzo
10:59 Feudal Age
15:05 Castle Age
13:43 Double-Bit Axe
13:38 Horse Collar
15:14 Gold Mining
15:31 Fletching
18:19 Bow Saw
18:56 Crossbowman
19:23 Loom
21:05 Bodkin Arrow
23:08 Ballistics
23:13 Padded Archer Armor
25:14 Thumb Ring
25:32 Town Watch
26:24 Wheelbarrow
31:24 Imperial Age
31:24 Arbalester
32:11 Bracer
33:42 Chemistry
33:34 Leather Archer Armor
35:03 Ring Archer Armor
37:03 Caravan
37:00 Capped Ram
41:41 Elite Skirmisher
43:02 Elite Skirmisher
43:35 Onager
44:13 Elite Skirmisher
49:00 Conscription
48:40 Torsion Engines
Connection lost

Rejoining the realm…

Still unreachable

The connection could not be restored.

Session expired

The server has moved on; the page needs a fresh start.